 Dungeon Crawl Stone Soup version 0.17-a0-2215-g49c1de0 (webtiles) character file.

123 radek the Conjurer (level 4, -3/24 HPs)
             Began as a Deep Elf Conjurer on Oct 27, 2015.
             Killed from afar by Duffy's ghost (5 damage)
             ... with a sting
             ... on level 3 of the Dungeon.
             The game lasted 00:06:58 (2578 turns).

radek the Conjurer (Deep Elf Conjurer)              Turns: 2578, Time: 00:07:28

Health: -3/24      AC:  2    Str: 10    XL:     4   Next: 80%
Magic:  1/10       EV: 13    Int: 20    God:
Gold:   136        SH:  0    Dex: 15    Spells: 1 memorised, 8 levels left

rFire  + . .     SeeInvis .     j - +0 short sword
rCold  x . .     Clarity  +     a - +0 robe
rNeg   . . .     SustAt   .     (no shield)
rPois  .         Gourm    .     (no helmet)
rElec  .         Spirit   .     (no cloak)
rCorr  .         Warding  .     (no gloves)
rMut   .         Stasis   .     (no boots)
MR     .....                    q - amulet of clarity
Stlth  ++........               w - +4 ring of strength
                                k - ring of fire

@: lethally poisoned (-3 -> -13), not resistant to hostile enchantments,
unstealthy
A: no striking features
a: no special abilities


You were on level 3 of the Dungeon.
You were full.

You visited 1 branch of the dungeon, and saw 3 of its levels.

You collected 136 gold pieces.

Inventory:

Hand Weapons
 j - a +0 short sword (weapon)
Armour
 a - a +0 robe (worn)
Jewellery
 h - an uncursed amulet of clarity
 k - a ring of fire (left hand)
 q - an amulet of clarity (around neck)
 u - an uncursed ring of protection from fire
 w - a +4 ring of strength (right hand)
 y - an uncursed ring of positive energy
Scrolls
 d - 3 scrolls of immolation {unknown}
 e - a scroll of amnesia {unknown}
 f - a scroll of random uselessness {unknown}
 l - 3 scrolls of enchant weapon {unknown}
 o - 2 scrolls of teleportation {unknown}
 p - 4 scrolls of identify {unknown}
 r - 3 scrolls of enchant armour {unknown}
 s - a scroll of remove curse {unknown}
 x - a scroll of recharging {unknown}
Potions
 m - a potion of curing {unknown}
 n - 3 potions of agility {unknown}
 t - a potion of magic {unknown}
 z - a potion of invisibility {unknown}
Books
 b - a book of Conjurations

   Spells                             Type                      Level
   a - Magic Dart                     Conjuration                  1
   b - Searing Ray                    Conjuration                  2
   c - Dazzling Spray                 Conjuration/Hexes            3
   d - Fulminant Prism                Conjuration/Hexes            4
   e - Iskenderun's Mystic Blast      Conjuration                  4
   f - Iskenderun's Battlesphere      Conjuration/Charms           5
Comestibles
 c - 2 bread rations
 g - 6 fruits
 i - 2 slices of pizza
 v - 4 chunks of flesh


   Skills:
 - Level 2.4 Dodging
 - Level 2.4 Stealth
 - Level 3.0 Spellcasting
 + Level 6.8 Conjurations


You had 8 spell levels left.
You knew the following spells:

 Your Spells              Type           Power        Failure   Level  Hunger
a - Magic Dart            Conj           ####         1%          1    None


Dungeon Overview and Level Annotations

Branches:
Dungeon (3/15)

Altars:
Ashenzari

Annotations:
D:3 Duffy's ghost, amateur NaVM


Message History

You feel sick.
You barely miss Duffy's ghost.
Duffy's ghost is moderately damaged.
Duffy's ghost barely misses you.
You hit Duffy's ghost.
Duffy's ghost is moderately damaged.
Duffy's ghost points at you and mumbles some strange words.
The sting hits you!
You are more poisoned.
You hit Duffy's ghost but do no damage.
Duffy's ghost is moderately damaged.
You feel sick. Duffy's ghost closely misses you.
You hit Duffy's ghost but do no damage.
Duffy's ghost is moderately damaged.
Duffy's ghost hits you!
* * * LOW HITPOINT WARNING * * *
Duffy's ghost gestures at you while chanting.
The sting hits you!
You are more poisoned.
You die...

#############
............#
###########.############
.. .......#....@W....).
#># #######.##.#########
#.## #<##.# ...## #.##.#
..... ..# #.##.# ...#
#.# #.##.# #.## #.#
#.##.# #.# #.# #.##.# #
#.# #.# #.##.###.#


You could see Duffy's ghost.

Vanquished Creatures
  An orc wizard (D:3)
  4 adders
  A worm (D:1)
  2 giant geckos (D:2)
  3 orcs (D:3)
  2 ball pythons (D:1)
  7 bats
  2 giant cockroaches
  3 hobgoblins
  2 kobolds
  3 giant newts (D:1)
  7 goblins
  9 jackals
  8 rats
54 creatures vanquished.

Notes
Turn   | Place    | Note
--------------------------------------------------------------
     0 | D:1      | radek the Deep Elf Conjurer began the quest for the Orb.
     0 | D:1      | Reached XP level 1. HP: 10/10 MP: 6/6
   418 | D:1      | Reached XP level 2. HP: 15/15 MP: 5/8
   425 | D:1      | Reached skill level 5 in Conjurations
  1075 | D:1      | Reached XP level 3. HP: 7/19 MP: 1/9
  1592 | D:2      | Found a shattered altar of Ashenzari.
  1994 | D:2      | Reached skill level 6 in Conjurations
  2142 | D:3      | Reached XP level 4. HP: 24/24 MP: 3/10
  2565 | D:3      | Noticed Duffy's ghost (amateur NaVM)
  2578 | D:3      | Killed from afar by Duffy's ghost

Vault maps used:
D:1:      lemuel_arrival_room, grunt_decor_one_mirror, grunt_decor_fettered,
          minmay_box_of_dots
D:2:      ashenzari_conservatory_becter
D:3:      gup_sewer_entry_glass, minmay_ruptured

Action                   |  1- 3 |  4- 6 || total
-------------------------+-------+-------++-------
Melee: Short sword       |     8 |    18 ||    26
 Cast: Magic Dart        |    72 |    42 ||   114
  Eat: Chunk             |     4 |       ||     4
       Meat ration       |       |     1 ||     1
